 Dungeon Crawl Stone Soup version 0.26-b1-52-g61e05abef2 (webtiles) character file.

Game seed: 2435544066840707270

38 H0rd4k the Magician (level 3, -3/19 HPs)
             Began as a Deep Elf Hedge Wizard on Jan 7, 2021.
             Slain by a quokka (4 damage)
             ... on level 2 of the Dungeon.
             The game lasted 00:03:10 (1354 turns).

H0rd4k the Magician (Deep Elf Hedge Wizard)         Turns: 1354, Time: 00:03:11

Health: -3/19      AC:  2    Str:  7    XL:     3   Next: 25%
Magic:  0/11       EV: 13    Int: 19    God:
Gold:   102        SH:  0    Dex: 14    Spells: 3/12 levels left

rFire    . . .     SeeInvis .   a - +0 dagger
rCold    . . .     Faith    .   (no shield)
rNeg     . . .     Spirit   .   b - +0 robe
rPois    .         Reflect  .   c - +0 hat
rElec    .         Harm     .   (no cloak)
rCorr    .         Rampage  .   (no gloves)
Will     .....                  (no boots)
Stlth    ++........             (no amulet)
HPRegen  0.06/turn              (no ring)
MPRegen  0.12/turn              (no ring)

@: no status effects
A: no striking features
a: no special abilities


You were on level 2 of the Dungeon.
You visited 1 branch of the dungeon, and saw 2 of its levels.

You collected 102 gold pieces.

Inventory:

Hand Weapons
 a - a +0 dagger (weapon)
Armour
 b - a +0 robe (worn)
 c - a +0 hat (worn)
Scrolls
 g - a scroll of teleportation {unknown}
 h - 2 scrolls of amnesia {unknown}
Potions
 d - a potion of ambrosia {unknown}
 e - a potion of flight {unknown}
 f - a potion of degeneration {unknown}
 i - a potion of invisibility {unknown}
 j - a potion of brilliance {unknown}


   Skills:
 + Level 2.9 Dodging
 + Level 2.8 Stealth
 + Level 5.4 Spellcasting
 + Level 1.3 Conjurations
 + Level 1.1 Summonings
 + Level 1.1 Translocations
 * Level 0.1 Fire Magic
 * Level 0.1 Air Magic


You had 3 spell levels left.
You knew the following spells:

 Your Spells              Type           Power        Failure   Level
a - Magic Dart            Conj           40%          7%          1
b - Blink                 Tloc           N/A          12%         2
c - Conjure Flame         Conj/Fire      8%           26%         3
d - Mephitic Cloud        Conj/Pois/Air  7%           28%         3

Your spell library contained the following spells:

 Spells                   Type           Power        Failure   Level
 Call Imp                 Summ           9%           12%         2
 Slow                     Hex            5%           19%         2


Dungeon Overview and Level Annotations

Branches:
Dungeon (2/15)

Altars:
Ru
Uskayaw


Message History

The quokka is severely wounded.
The quokka bites you but does no damage.
Casting: Magic Dart (safe; 7% risk of failure)
Confirm with . or Enter, or press ? or * to list all spells.
Aiming: Magic Dart (safe; 7% risk of failure)
Press: ? - help, Shift-Dir - straight line, f/p - quokka
Aim: a quokka (severely wounded, 0% to evade)
The magic dart hits the quokka but does no damage.
The quokka is severely wounded.
The quokka misses you.
You barely miss the quokka.
The quokka is severely wounded.
The quokka bites you.
* * * LOW HITPOINT WARNING * * *
You hit the quokka.
The quokka is almost dead.
The quokka bites you.
* * * LOW HITPOINT WARNING * * *
The quokka bites you.
You die...

###### ## ..... ..
.... #### #. ..g
.....#. ..
#....########## .#
#....@rg..[...#
.########
#.###########.#
......g?.
###...#..g..#
#g########
#.#.#.#.#####
#.#....... #.....#.#
#....#########.#.###.#
###..#....r.rg.#...).#
# #..#.###############
♣ #..#.#


You could see a quokka and a hobgoblin.

Vanquished Creatures
  An adder (D:2)
  An ooze (D:1)
  2 leopard geckos (D:2)
  A giant cockroach (D:2)
  3 goblins
  4 hobgoblins
  2 kobolds
  A ball python (D:2)
  3 bats
  A frilled lizard (D:1)
  4 rats
23 creatures vanquished.

Notes
Turn   | Place    | Note
-------+----------+-------------------------------------------
     0 | D:1      | H0rd4k the Deep Elf Hedge Wizard began the quest for the
                  | Orb.
     0 | D:1      | Reached XP level 1. HP: 10/10 MP: 7/7
   249 | D:1      | Reached XP level 2. HP: 15/15 MP: 1/9
   435 | D:1      | Reached skill level 5 in Spellcasting
   822 | D:2      | Found a sacrificial altar of Ru.
  1053 | D:2      | Found a hide-covered altar of Uskayaw.
  1057 | D:2      | Reached XP level 3. HP: 19/19 MP: 7/11
  1060 | D:2      | Learned a level 2 spell: Blink
  1064 | D:2      | Learned a level 3 spell: Conjure Flame
  1068 | D:2      | Learned a level 3 spell: Mephitic Cloud
  1354 | D:2      | Slain by a quokka

Illustrated notes

Levels and vault maps discovered:
D:1:      dpeg_arrival_shrine, layout_rooms
D:2:      layout_basic, eat_drink_and_be_merry_uskayaw, general_overflow_altar,
          nicolae_ru_awakened_eye, kennysheep_nub,
          amcnicky_mini_corridor_feature, uniq_terence

Skill      XL: |  1  2 |
---------------+-------+-----
Spellcasting   | 5 |  5.4
Dodging        | |  2.9
Stealth        | |  2.8
Conjurations   | |  1.3
Summonings     | |  1.1
Translocations | |  1.1
Fire Magic     | |  0.1
Air Magic      | |  0.1

Action                   || total
-------------------------++-------
Melee: Dagger            ||    22
 Cast: Magic Dart        ||    96
Armor: Robe              ||     9
Dodge: Dodged            ||    44
